 Dungeon Crawl Stone Soup version 0.22-a0-596-gfbd32a6 (webtiles) character file.

72620 emperorscorpion the Eclecticist (level 15, -1/78 HPs)
             Began as a Deep Elf Fire Elementalist on July 4, 2018.
             Was a High Priest of Sif Muna.
             Slain by an elephant (10 damage)
             ... on level 5 of the Lair of Beasts on July 6, 2018.
             The game lasted 01:21:09 (34107 turns).

emperorscorpion the Eclecticist (DEFE)             Turns: 34107, Time: 01:21:10

Health: -1/78      AC:  9    Str:  5    XL:     15   Next: 1%
Magic:  21/54      EV: 18    Int: 32    God:    Sif Muna [*****.]
Gold:   1082       SH:  6    Dex: 20    Spells: 8/50 levels left

rFire    . . .     SeeInvis .   a - staff of power
rCold    . . .     Gourm    .   N - +0 buckler
rNeg     . . .     Faith    +   W - +3 leather armour of Gididyim {Dex+4}
rPois    .         Spirit   .   p - +1 hat {Int+3}
rElec    .         Reflect  .   K - +0 cloak
rCorr    .         Harm     .   (no gloves)
MR       +....                  R - +0 pair of boots {Stlth+}
Stlth    ++++......             B - amulet of faith
HPRegen  0.23/turn              E - +3 ring of intelligence
MPRegen  0.34/turn              u - +3 ring of evasion

@: divine energy
A: no striking features
a: Stop Divine Energy, Channel Magic, Forget Spell, Renounce Religion


You were on level 5 of the Lair of Beasts.
You worshipped Sif Muna.
Sif Muna was extremely pleased with you.
You were not hungry.

You visited 5 branches of the dungeon, and saw 24 of its levels.
You also visited: Trove, Ossuary and Ice Cave.

You collected 2056 gold pieces.
You spent 974 gold pieces at shops.

Inventory:

Hand Weapons
 b - a +2 trident of freezing
 A - a +0 spear of flaming
 Q - a +0 blowgun
Missiles
 w - 10 curare-tipped needles
 O - a throwing net (quivered)
Armour
 e - a +0 shield of cold resistance
 p - a +1 hat of intelligence (worn)
 K - a +0 cloak (worn)
 N - a +0 buckler (worn)
 R - a +0 pair of boots of stealth (worn)
 W - the +3 leather armour of Gididyim (worn) {Dex+4}
   (You found it in a treasure trove)

   It affects your dexterity (+4).
Magical Staves
 a - an uncursed staff of power (weapon)
Jewellery
 m - an uncursed amulet of harm
 u - a +3 ring of evasion (right hand)
 B - an amulet of faith (around neck)
 C - an uncursed ring of protection from magic
 E - a +3 ring of intelligence (left hand)
 J - a +1 ring of evasion
 L - an uncursed amulet of the gourmand {unknown}
 P - an uncursed ring of ice
Wands
 f - a wand of flame (13)
 l - a wand of iceblast (8)
 r - a wand of digging (10)
 X - a wand of disintegration (18)
Scrolls
 g - 8 scrolls of teleportation
 h - 2 scrolls of blinking
 i - a scroll of holy word
 j - 7 scrolls of amnesia
 k - a scroll of brand weapon
 n - 5 scrolls of immolation
 o - 4 scrolls of enchant armour
 y - 3 scrolls of fear
 z - 8 scrolls of remove curse
 H - 4 scrolls of fog
 I - 3 scrolls of identify
Potions
 q - 2 potions of invisibility
 s - 7 potions of flight
 t - 3 potions of haste
 v - 4 potions of cancellation
 D - 3 potions of curing
 F - 3 potions of mutation
 G - 4 potions of agility
 M - 4 potions of resistance
 S - 3 potions of lignification
Miscellaneous
 d - a phial of floods
 x - a fan of gales
Comestibles
 c - 35 rations
 T - 2 chunks of flesh


   Skills:
 + Level 3.2 Fighting
 + Level 4.4 Polearms
 + Level 0.2 Throwing
 + Level 3.0 Armour
 + Level 5.2 Dodging
 - Level 5.0 Stealth
 - Level 5.0 Shields
 * Level 18.3 Spellcasting
 + Level 12.2 Conjurations
 + Level 6.9 Translocations
 + Level 12.0 Fire Magic
 + Level 1.2 Air Magic
 * Level 1.3 Earth Magic
 + Level 2.5 Poison Magic
 - Level 10.0 Invocations
 + Level 2.2 Evocations


You had 8 spell levels left.
You knew the following spells:

 Your Spells              Type           Power        Failure   Level  Hunger
a - Flame Tongue          Conj/Fire      #####        0%          1    None
b - Blink                 Tloc           N/A          1%          2    None
c - Mephitic Cloud        Conj/Pois/Air  ######..     1%          3    None
d - Fireball              Conj/Fire      #######...   1%          5    None
e - Sticky Flame          Conj/Fire      #######.     1%          4    None
f - Venom Bolt            Conj/Pois      ######....   2%          5    None
g - Dispersal             Tloc           ######....   19%         6    None
h - Bolt of Fire          Conj/Fire      #######...   2%          6    None
i - Force Lance           Conj/Tloc      ######..     1%          4    None
j - Iron Shot             Conj/Erth      ######....   19%         6    None

Your spell library contained the following spells:

 Spells                   Type           Power        Failure   Level  Hunger
 Magic Dart               Conj           ####         0%          1    None
 Apportation              Tloc           ######       1%          1    None
 Conjure Flame            Conj/Fire      #######.     1%          3    None
 Bolt of Magma            Conj/Fire/Erth ######....   1%          5    None
 Slow                     Hex            ####....     3%          2    None
 Throw Flame              Conj/Fire      ######       1%          2    None
 Controlled Blink         Tloc           N/A          100%        8    #####..
 Ring of Flames           Chrm/Fire      ######....   83%         7    ###....
 Olgreb's Toxic Radiance  Pois           #####...     8%          4    None
 Teleport Other           Tloc           ######..     1%          3    None
 Summon Small Mammal      Summ           ####         1%          1    None
 Bolt of Draining         Conj/Necr      ######....   4%          5    None
 Lehudib's Crystal Spear  Conj/Erth      ######....   100%        8    #####..
 Animate Skeleton         Necr           N/A          1%          1    None
 Call Imp                 Summ           ####....     3%          2    None
 Sting                    Conj/Pois      ####         1%          1    None
 Spider Form              Tmut/Pois      #####.....   3%          3    None
 Blade Hands              Tmut           ####......   50%         5    None
 Statue Form              Tmut/Erth      ####.....    94%         6    None
 Ice Form                 Ice/Tmut       ####....     21%         4    None
 Throw Icicle             Conj/Ice       ######..     1%          4    None
 Shadow Creatures         Summ           N/A          97%         6    None
 Confusing Touch          Hex            ####..       1%          1    None
 Ignite Poison            Fire/Tmut/Pois ######..     1%          3    None
 Sticks to Snakes         Tmut           ####....     3%          2    None
 Ensorcelled Hibernation  Hex/Ice        ####..       3%          2    None
 Silence                  Hex/Air        ####......   41%         5    None
 Shatter                  Erth           #####.....   100%        9    ######.
 Conjure Ball Lightning   Conj/Air       ######....   21%         6    None
 Portal Projectile        Hex/Tloc       ######       1%          3    None
 Passage of Golubria      Tloc           N/A          1%          4    None
 Leda's Liquefaction      Hex/Erth       ####......   16%         4    None
 Darkness                 Hex            ####......   97%         6    None
 Shroud of Golubria       Chrm/Tloc      ######....   1%          2    None
 Inner Flame              Hex/Fire       ######..     1%          3    None
 Beastly Appendage        Tmut           ####..       1%          1    None
 Disjunction              Tloc           ######....   100%        8    #####..
 Gell's Gravitas          Tloc           ######....   1%          3    None
 Lesser Beckoning         Tloc           ######....   1%          3    None
 Poisonous Vapours        Pois/Air       #####.       1%          2    None
 Ignition                 Fire           #######...   69%         8    #####..
 Borgnjor's Vile Clutch   Necr/Erth      ####......   41%         5    None


Dungeon Overview and Level Annotations

Branches:
Dungeon (15/15)            Temple (1/1) D:6            Lair (5/6) D:11
 Shoals (0/4) Lair:2        Snake (0/4) Lair:4          Orc (2/2) D:10
    Elf (1/3) Orc:2        Vaults (0/5) D:13
  Slime: Lair:5-6    Depths: D:15

Altars:
Ashenzari
Cheibriados
Dithmenos
Elyvilon
Fedhas
Gozag
Hepliaklqana
Kikubaaqudgha
Makhleb
Nemelex Xobeh
Okawaru
Qazlal
Ru
Sif Muna
Trog
Uskayaw
Vehumet
Wu Jian
Xom
Yredelemnul
Zin
The Shining One
Beogh

Shops:
D:10 (   Orc:2 ((*:[

Annotations:
D:15 Nessos


Message History

The elephant tramples you.
* * * LOW HITPOINT WARNING * * *
You stumble backwards!
The dream sheep moves out of view.
Okay, then.
Casting: Fireball (safe; 1% risk of failure)
Confirm with . or Enter, or press ? or * to list all spells.
The elephant blinks!
The elephant appears confused.
The elephant blinks!
The porcupine disappears!
The komodo dragon blinks!
The dream sheep ruffle their wool and motes of dream dust sparkle, to no effect.
The dream sheep are wreathed in dream dust.
You feel drowsy...
You fall asleep.
The elephant seems less confused.
The dream sheep bites the fungus!
The komodo dragon closely misses you. The elephant completely misses you.
The elephant misses you.
The komodo dragon bites you but does no damage.
The elephant tramples the fungus!
The elephant trunk-slaps the fungus.
The elephant closely misses you. The elephant trunk-slaps you.
You wake up.
* * * LOW HITPOINT WARNING * * *
The elephant tramples you!
You die...

.........##.$#....
.#......###....##
##..#.P%#.....)##
#..Y...........#
#....YY.......#
#.#....Y.....##
..##.....YPY..# #
......[...YYY##..###
. .P......#l@.......
....#..####..#.#.#.
....... #### #
..####


You could see 3 elephants, a komodo dragon and 6 dream sheep.

Vanquished Creatures
  A frost giant (IceCv)
  An orc warlord (Orc:2)
  Josephine (D:11)
  3 hydras
  A centaur warrior (D:15)
  Erica (D:9)
  6 two-headed ogres
  2 tengu warriors
  2 orc high priests (Orc:2)
  Sonja (D:14)
  3 unseen horrors
  A wizard (D:13)
  Pikel (D:7)
  4 orc knights
  5 cyclopes
  5 deep elf magi
  3 orc sorcerers
  8 ugly things
  An oklob plant (Lair:2)
  Maurice (D:8)
  2 elephants (Lair:5)
  A manticore (D:15)
  An ice statue (IceCv)
  4 black mambas
  Joseph (D:7)
  A gargoyle (D:13)
  3 centaur skeletons
  A kobold demonologist (D:12)
  5 spiny frogs
  A freezing wraith (D:14)
  4 rime drakes
  2 komodo dragons
  A yaktaur (D:15)
  A queen bee (Lair:3)
  9 trolls
  13 polar bears (IceCv)
  A hornet (D:13)
  3 blink frogs (Lair:3)
  17 hippogriffs
  A dream sheep (Lair:5)
  6 slime creatures
  5 wraiths
  A shadow (D:12)
  8 redbacks (D:14)
  3 vampires
  2 wyverns (Lair:3)
  40 yaks
  2 basilisks
  Grum (D:11)
  A fire elemental (Elf:1)
  8 hogs
  A human (D:7)
  5 hungry ghosts
  4 vampire mosquitoes
  A warg (Orc:2)
  A water moccasin (shapeshifter) (D:14)
  3 nagas (Lair:4)
  A soldier ant (D:15)
  An acid dragon (D:12)
  6 water moccasins
  3 porcupines
  23 orc warriors
  3 sky beasts
  A black bear (shapeshifter) (D:8)
  2 ice beasts
  A black bear (D:6)
  7 necrophages
  18 wolves
  2 phantoms
  An eye of draining (D:12)
  12 ogres
  2 centaurs
  14 crocodiles
  A big kobold (D:8)
  Blork the orc (D:4)
  21 bullfrogs
  A wyvern zombie (D:13)
  2 wyvern skeletons
  3 scorpions
  A water moccasin skeleton (D:7)
  28 killer bees
  20 wights
  An electric eel (Lair:1)
  5 howler monkeys
  11 crimson imps
  2 bullfrog zombies
  2 centaur zombies
  4 jellies
  10 orc priests
  A bullfrog skeleton (D:8)
  4 hounds
  2 human zombies (Ossuary)
  A gnoll shaman (D:8)
  18 orc wizards
  2 iguanas
  9 worker ants
  4 hell rats (Lair:2)
  A killer bee zombie (D:7)
  A big kobold zombie (Ossuary)
  A hound skeleton (D:7)
  4 mummies (Ossuary)
  2 worker ant zombies
  5 gnolls (D:8)
  12 adders
  12 river rats
  4 shadow imps
  An adder zombie (D:7)
  2 adder skeletons
  2 worms
  A dart slug (D:1)
  9 leopard geckos
  62 orcs
  3 bats
  10 giant cockroaches
  11 hobgoblins
  12 jackals
  10 kobolds
  13 quokkas
  A ball python (D:3)
  5 frilled lizards
  16 goblins
  3 goblin zombies (Ossuary)
  A jackal zombie (D:5)
  A leopard gecko zombie (D:5)
  An orc zombie (Ossuary)
  A quokka zombie (D:7)
  17 rats
  3 fungi (Lair:2)
  A plant (Lair:2)
694 creatures vanquished.

Vanquished Creatures (collateral kills)
  Kirke (D:14)
1 creature vanquished.

Vanquished Creatures (others)
  A human (D:14)
  3 slaves
  A big kobold (D:7)
  A crimson imp (D:6)
  7 kobolds (D:7)
  A quokka (D:7)
  A bush (Lair:5)
  A fungus (Lair:3)
  10 plants (Lair:3)
26 creatures vanquished.

Grand Total: 721 creatures vanquished

Notes
Turn   | Place    | Note
-------+----------+-------------------------------------------
     0 | D:1      | emperorscorpion the Deep Elf Fire Elementalist began the quest for the Orb.
     0 | D:1      | Reached XP level 1. HP: 10/10 MP: 6/6
   278 | D:1      | Reached XP level 2. HP: 15/15 MP: 5/8
   812 | D:1      | Reached XP level 3. HP: 19/19 MP: 7/10
  1458 | D:2      | Found a faded altar of an unknown god.
  1738 | D:2      | Reached skill level 4 in Spellcasting
  2007 | D:2      | Reached XP level 4. HP: 24/24 MP: 10/12
  2567 | D:3      | Learned a level 2 spell: Blink
  2571 | D:3      | Learned a level 3 spell: Mephitic Cloud
  3125 | D:4      | Reached XP level 5. HP: 28/28 MP: 11/14
  3137 | D:5      | Entered Level 5 of the Dungeon
  3195 | D:4      | Noticed Blork the orc
  3204 | D:4      | Killed Blork the orc
  3204 | D:4      | Reached skill level 5 in Spellcasting
  3520 | D:4      | Reached skill level 5 in Fire Magic
  3865 | D:5      | Noticed a sky beast
  3872 | D:5      | Noticed a phantom
  3882 | D:5      | Killed a sky beast
  3882 | D:5      | Reached XP level 6. HP: 33/33 MP: 3/16
  4269 | D:5      | Reached skill level 6 in Spellcasting
  4327 | D:5      | Reached XP level 7. HP: 26/37 MP: 6/18
  4777 | D:5      | Reached skill level 7 in Spellcasting
  5506 | D:6      | Found a basalt altar of Yredelemnul.
  5530 | D:6      | Reached XP level 8. HP: 42/42 MP: 13/21
  5540 | D:6      | Learned a level 5 spell: Fireball
  5982 | D:6      | Reached skill level 8 in Spellcasting
  6011 | D:6      | Reached skill level 1 in Polearms
  6229 | D:6      | Found a staircase to the Ecumenical Temple.
  6244 | Temple   | Entered the Ecumenical Temple
  6482 | Temple   | Became a worshipper of Sif Muna the Loreminder
  6641 | D:7      | Reached skill level 1 in Fighting
  6815 | D:7      | Reached skill level 5 in Conjurations
  7062 | D:7      | Noticed Pikel
  7092 | D:7      | Killed Pikel
  7092 | D:7      | Reached * piety under Sif Muna
  7092 | D:7      | Reached skill level 9 in Spellcasting
  7092 | D:7      | Reached skill level 1 in Translocations
  7092 | D:7      | Reached XP level 9. HP: 26/47 MP: 0/24
  7335 | D:7      | Reached skill level 1 in Poison Magic
  7390 | D:7      | Reached skill level 10 in Spellcasting
  8015 | D:7      | Noticed Joseph
  8018 | D:7      | Killed Joseph
  8018 | D:7      | Reached ** piety under Sif Muna
  8235 | D:8      | Found a bloodstained altar of Trog.
  8249 | D:8      | Found a sand-covered staircase.
  8319 | Ossuary  | Entered an ossuary
  8708 | Ossuary  | Reached skill level 1 in Invocations
  9072 | D:8      | Noticed Maurice
  9081 | D:8      | Killed Maurice
  9081 | D:8      | Reached XP level 10. HP: 48/53 MP: 5/26
  9776 | D:8      | Found a radiant altar of Vehumet.
  9975 | D:8      | Noticed a two-headed ogre
  9980 | D:8      | Killed a two-headed ogre
  9980 | D:8      | Reached *** piety under Sif Muna
  9980 | D:8      | Reached skill level 11 in Spellcasting
 10319 | D:8      | Found a shattered altar of Ashenzari.
 11271 | D:9      | Noticed a two-headed ogre
 11274 | D:9      | Killed a two-headed ogre
 11274 | D:9      | Reached **** piety under Sif Muna
 11274 | D:9      | Reached skill level 1 in Evocations
 11326 | D:8      | Learned a level 4 spell: Sticky Flame
 11654 | D:9      | Found a hazy altar of Hepliaklqana.
 11998 | D:9      | Reached XP level 11. HP: 58/59 MP: 1/28
 12207 | D:9      | Found a burning altar of Makhleb.
 12633 | D:9      | Found a sparkling altar of Nemelex Xobeh.
 12643 | D:9      | Found a glowing golden altar of the Shining One.
 12651 | D:9      | Noticed a two-headed ogre
 12658 | D:9      | Killed a two-headed ogre
 12665 | D:9      | Noticed Erica
 12878 | D:9      | Found an iron altar of Okawaru.
 13048 | D:9      | Found a burning altar of Makhleb.
 13380 | D:9      | Killed Erica
 13380 | D:9      | Reached skill level 12 in Spellcasting
 13384 | D:9      | Found a hazy altar of Hepliaklqana.
 13523 | D:10     | Entered Level 10 of the Dungeon
 13523 | D:10     | Found Nejin's Weapon Emporium.
 13523 | D:10     | Found a staircase to the Orcish Mines.
 13523 | D:10     | Found Qutrek's Armour Emporium.
 13523 | D:10     | Noticed an orc knight
 13530 | D:10     | Killed an orc knight
 13530 | D:10     | Reached skill level 5 in Invocations
 13838 | D:10     | Found a portal to a secret trove of treasure.
 13847 | Trove    | Entered a treasure trove
 13882 | Trove    | Got an ichor-stained leather armour
 13886 | Trove    | Got a scorched chain mail
 13926 | Trove    | Identified the +3 leather armour of Gididyim {Dex+4} (You found it in a treasure trove)
 13931 | Trove    | Identified a scroll of acquirement
 14094 | D:10     | Noticed a two-headed ogre
 14098 | D:10     | Killed a two-headed ogre
 14098 | D:10     | Reached skill level 5 in Stealth
 14483 | D:10     | Learned a level 5 spell: Venom Bolt
 14968 | D:11     | Noticed a green ugly thing
 15429 | D:11     | Found a staircase to the Lair.
 15643 | D:11     | Upgraded the game from 0.22-a0-587-g7d32d7c to 0.22-a0-596-gfbd32a6
 15765 | D:11     | Noticed Grum
 15769 | D:11     | Killed Grum
 15769 | D:11     | Reached skill level 1 in Armour
 15776 | D:11     | Noticed Josephine
 15941 | D:11     | Noticed a two-headed ogre
 15952 | D:11     | Killed a two-headed ogre
 16033 | D:11     | Noticed a four-headed hydra
 16107 | D:11     | Reached skill level 5 in Dodging
 16249 | D:11     | Killed a green ugly thing
 16249 | D:11     | Reached skill level 13 in Spellcasting
 16355 | D:11     | Killed Josephine
 16359 | D:11     | Reached XP level 12. HP: 33/64 MP: 21/31
 16367 | D:11     | Killed a four-headed hydra
 17007 | D:12     | Reached skill level 1 in Shields
 17789 | D:12     | Reached skill level 10 in Conjurations
 18536 | D:13     | Noticed a tengu warrior
 18539 | D:13     | Killed a tengu warrior
 18539 | D:13     | Reached skill level 10 in Fire Magic
 18553 | D:13     | Reached skill level 14 in Spellcasting
 18768 | D:13     | Found a frozen archway.
 18773 | IceCv    | Entered an ice cave
 19761 | IceCv    | Noticed a frost giant
 19772 | IceCv    | Killed a frost giant
 19772 | IceCv    | Reached XP level 13. HP: 68/68 MP: 4/33
 20654 | D:13     | Reached skill level 15 in Spellcasting
 21358 | D:13     | Found a gate to the Vaults.
 21821 | D:14     | Noticed Sonja
 22441 | D:14     | Killed Sonja
 22884 | D:14     | Noticed Kirke
 22918 | D:14     | Killed Kirke
 22918 | D:14     | Reached skill level 16 in Spellcasting
 23460 | D:14     | Reached ***** piety under Sif Muna
 23461 | D:14     | Received a gift from Sif Muna
 23472 | D:14     | Learned a level 6 spell: Dispersal
 23570 | D:15     | Entered Level 15 of the Dungeon
 24291 | D:15     | Reached skill level 5 in Translocations
 24291 | D:15     | Noticed Nessos
 24589 | D:14     | Reached skill level 1 in Air Magic
 24679 | Orc:1    | Entered Level 1 of the Orcish Mines
 24681 | Orc:1    | Reached XP level 14. HP: 49/74 MP: 36/36
 24936 | Orc:2    | Entered Level 2 of the Orcish Mines
 24936 | Orc:2    | Found a staircase to the Elven Halls.
 25581 | Orc:2    | Noticed an orc warlord
 25619 | Orc:2    | Killed an orc warlord
 25619 | Orc:2    | Reached skill level 5 in Shields
 26070 | Orc:2    | Found a roughly hewn altar of Beogh.
 26154 | Orc:2    | Found Necsuni's Book Emporium.
 26268 | Orc:2    | Found Taco's Antique Weapon Emporium.
 26283 | Orc:2    | Found Niwausayv's Antique Armour Emporium.
 26486 | Orc:2    | Found Doigan's Antique Weapon Boutique.
 26579 | Orc:2    | Found Xuath's General Store.
 26585 | Orc:2    | Bought a potion of might for 64 gold pieces
 26602 | Orc:2    | Bought a book of Fire for 910 gold pieces
 26609 | Orc:2    | Learned a level 6 spell: Bolt of Fire
 27072 | Elf:1    | Entered Level 1 of the Elven Halls
 27077 | Elf:1    | Identified Sif Muna's Volume of Battle Magic (Sif Muna gifted it to you on level 1 of the Elven Halls)
 27077 | Elf:1    | Received a gift from Sif Muna
 27091 | Orc:2    | Learned a level 4 spell: Force Lance
 27259 | Elf:1    | Found the faintly glowing robe
 27269 | Elf:1    | Got a faintly glowing robe
 27311 | Orc:2    | Identified the cursed -5 robe of Misfortune {-Cast *Contam *Tele *Drain EV-5 Stlth-- *Curse} (You found it on level 1 of the Elven Halls)
 27454 | Lair:1   | Entered Level 1 of the Lair of Beasts
 27639 | Lair:1   | Reached skill level 17 in Spellcasting
 27744 | Lair:1   | Reached skill level 10 in Invocations
 28877 | Lair:2   | Found a staircase to the Shoals.
 31203 | Lair:3   | Received a gift from Sif Muna
 31307 | Lair:3   | Reached skill level 18 in Spellcasting
 31479 | Lair:3   | Learned a level 6 spell: Iron Shot
 32740 | Lair:3   | Reached skill level 1 in Earth Magic
 33099 | Lair:4   | Found a staircase to the Snake Pit.
 33907 | Lair:4   | Reached XP level 15. HP: 78/78 MP: 5/39
 34107 | Lair:5   | Slain by an elephant

Vault maps used:
D:1:      minmay_arrival_stone_box
D:2:      chequers_ecumenical_altar_island
D:3:      serial_bayou_pond_c, minmay_misc_feat_plants
D:4:      minmay_crystal_water, uniq_blork_the_orc
D:5:      first_ration
D:6:      yredelemnul_altar_generic, minmay_temple_entry_overgrown
D:7:      grunt_livestock, uniq_pikel, uniq_joseph
D:8:      ashenzari_altar_1, kennysheep_mini, nicolae_ossuary_entry_plus,
          trog_hazing_becter, uniq_maurice
D:9:      kennysheep_mini_moat, nicolae_overflow_quartered_altars, uniq_erica
D:10:     orc_david_3, enter_trove_0
D:11:     lair_entry_dummy, minmay_misc_feat_four_crosses, uniq_josephine,
          uniq_grum
D:13:     david_vaults_1, portal_ice_cave_entry_pillars_1
D:14:     nicolae_benzene_ring, spider_trap, uniq_sonja, uniq_kirke
D:15:     grunt_enter_depths_snipers, columned_hall_lemuel, uniq_nessos
Temple:   eino_temple_water
Lair:1:   lemuel_fruit_tree, serial_bayou_shore_a
Lair:2:   lemuel_ratsnest, elwin_shoals_entry_rocks, roderic_carrion_pond
Lair:3:   regret_index_wax_grids, lemuel_fruit_fields
Lair:4:   minmay_snake_entry_guardpost_small, lemuel_fruit_fields
Lair:5:   lab_entry_generic, minmay_lair_oklob_chamber
Orc:2:    grunt_orc_cross, serial_shops, shop
Elf:1:    elf_arrival_001, special_room, hangedman_elf_disciples
Trove:    trove_hunter_1
Ossuary:  ossuary_crypta
IceCv:    ice_cave_small_giant

Skill      XL: |  1  2  3  4  5  6  7  8  9 10 11 12 13 14 15 |
---------------+----------------------------------------------+-----
Fire Magic     | 4 5 6 7 8 9 10 11 12 | 12.0
Spellcasting   | 4 5 6 7 9 10 11 13 14 16 18 | 18.3
Conjurations   | 2 3 4 5 7 8 9 10 11 12 | 12.2
Stealth        | 3 4 5 |  5.0
Dodging        | 3 4 5 |  5.2
Polearms       | 2 3 4 |  4.4
Fighting       | 1 2 3 |  3.2
Translocations | 1 2 3 4 5 6 |  6.9
Poison Magic   | 1 2 |  2.5
Invocations    | 1 4 6 8 9 10 | 10.0
Evocations     | 1 2 |  2.2
Armour         | 1 2 3 |  3.0
Shields        | 2 4 5 |  5.0
Air Magic      | 1 |  1.2
Earth Magic    | 1 |  1.3
Throwing       | |  0.2

Action                   |  1- 3 |  4- 6 |  7- 9 | 10-12 | 13-15 || total
-------------------------+-------+-------+-------+-------+-------++-------
Melee: Hand axe          |     2 |       |       |       |       ||     2
       Trident           |       |    26 |   107 |    93 |    12 ||   238
       Spear             |       |     7 |       |       |       ||     7
       Staff             |       |       |       |    39 |    10 ||    49
Throw: Stone             |       |     4 |     2 |       |       ||     6
 Cast: Flame Tongue      |    72 |    84 |   117 |    29 |    19 ||   321
       Mephitic Cloud    |       |     3 |     4 |     4 |     7 ||    18
       Blink             |       |     2 |     9 |    40 |    36 ||    87
       Fireball          |       |       |    39 |   241 |   441 ||   721
       Sticky Flame      |       |       |       |    16 |     9 ||    25
       Venom Bolt        |       |       |       |    10 |    15 ||    25
       Bolt of Fire      |       |       |       |       |     7 ||     7
       Force Lance       |       |       |       |       |     5 ||     5
       Dispersal         |       |       |       |       |     2 ||     2
Invok: Divine Energy     |       |       |       |     1 |     2 ||     3
       Stop Divine Energ |       |       |       |     1 |     1 ||     2
       Channel Magic     |       |       |       |       |     3 ||     3
Evoke: Wand              |       |       |     8 |    13 |       ||    21
       Phial of floods   |       |       |       |       |     1 ||     1
  Use: Scroll            |       |     1 |    12 |    10 |     8 ||    31
       Potion            |       |       |       |     2 |     2 ||     4
 Stab: Sleeping          |       |     2 |       |     1 |       ||     3
  Eat: Chunk             |     3 |     7 |    21 |    39 |    38 ||   108
       Ration            |       |       |       |     3 |     2 ||     5
Armor: Robe              |     4 |     4 |    15 |    16 |       ||    39
       Leather armour    |       |       |       |    26 |    25 ||    51
Dodge: Dodged            |    22 |    43 |    96 |   157 |    64 ||   382
Block: Buckler           |       |       |       |    26 |    24 ||    50

Table legend:
 A = Spawn XP
 B = Non-spawn XP
 C = Spawn XP percentage of total XP
 D = Spawn monster count
 E = Non-spawn monster count
 F = Spawn count percentage of total count
 G = Total turns spent on level
                    A         B        C        D         E        F      G
               +---------+---------+-------+---------+---------+-------+---------
         Total |       0 |  103744 |   0.0 |       0 |     692 |   0.0 | 34107
               +---------+---------+-------+---------+---------+-------+---------
           D:1 |       0 |      59 |   0.0 |       0 |      32 |   0.0 |  1441
           D:2 |       0 |      40 |   0.0 |       0 |      11 |   0.0 |   787
           D:3 |       0 |      60 |   0.0 |       0 |      19 |   0.0 |   690
           D:4 |       0 |     189 |   0.0 |       0 |      11 |   0.0 |   905
           D:5 |       0 |     975 |   0.0 |       0 |      35 |   0.0 |  1683
           D:6 |       0 |     612 |   0.0 |       0 |      22 |   0.0 |   973
           D:7 |       0 |    3057 |   0.0 |       0 |      36 |   0.0 |  1745
           D:8 |       0 |    3595 |   0.0 |       0 |      53 |   0.0 |  2510
           D:9 |       0 |    4721 |   0.0 |       0 |      24 |   0.0 |  2186
          D:10 |       0 |    2820 |   0.0 |       0 |      25 |   0.0 |  1473
          D:11 |       0 |    7002 |   0.0 |       0 |      31 |   0.0 |  1637
          D:12 |       0 |    5322 |   0.0 |       0 |      22 |   0.0 |  2005
          D:13 |       0 |   10318 |   0.0 |       0 |      37 |   0.0 |  1770
          D:14 |       0 |   11692 |   0.0 |       0 |      38 |   0.0 |  1842
          D:15 |       0 |    4560 |   0.0 |       0 |      12 |   0.0 |   793
        Lair:1 |       0 |    3216 |   0.0 |       0 |      15 |   0.0 |  1280
        Lair:2 |       0 |    6016 |   0.0 |       0 |      59 |   0.0 |  2097
        Lair:3 |       0 |   10981 |   0.0 |       0 |      67 |   0.0 |  2190
        Lair:4 |       0 |    2286 |   0.0 |       0 |      13 |   0.0 |  1047
        Lair:5 |       0 |    1891 |   0.0 |       0 |       8 |   0.0 |    39
         Orc:1 |       0 |    1550 |   0.0 |       0 |       7 |   0.0 |   827
         Orc:2 |       0 |   11386 |   0.0 |       0 |      64 |   0.0 |  1697
         Elf:1 |       0 |    1930 |   0.0 |       0 |       4 |   0.0 |   200
       Ossuary |       0 |     231 |   0.0 |       0 |      12 |   0.0 |   529
         IceCv |       0 |    9235 |   0.0 |       0 |      35 |   0.0 |  1409
               +---------+---------+-------+---------+---------+-------+---------
